 Dungeon Crawl Stone Soup version 0.22-a0-293-gc9362ec4a2 (webtiles) character file.

15852 Infinimo the Martial Artist (level 12, -7/116 HPs)
             Began as a Merfolk Transmuter on Mar 24, 2018.
             Was a High Priest of Okawaru.
             Mangled by an eight-headed hydra (17 damage)
             ... on level 2 of the Lair of Beasts.
             The game lasted 00:29:37 (14430 turns).

Infinimo the Martial Artist (Merfolk Transmuter)   Turns: 14430, Time: 00:29:39

Health: -7/116     AC:  6    Str: 10    XL:     12   Next: 31%
Magic:  6/15       EV: 18    Int: 18    God:    Okawaru [*****.]
Gold:   642        SH:  0    Dex: 17    Spells: 2/15 levels left

rFire    . . .     SeeInvis .     - Unarmed
rCold    + + +     Gourm    .   (shield currently unavailable)
rNeg     . . .     Faith    .   (armour currently unavailable)
rPois    +         Spirit   .   (helmet currently unavailable)
rElec    .         Reflect  .   (cloak currently unavailable)
rCorr    +         Harm     .   (gloves currently unavailable)
MR       ++...                  (boots currently unavailable)
Stlth    ++........             c - amulet of regeneration
HPRegen  0.69/turn              b - ring of protection from fire
MPRegen  0.14/turn              w - ring "Cenlosog" {rCorr MR++ Dex+3}

@: ice-form, very slightly contaminated
A: large, (change form in water), (swift swim), (stealthy swim)
a: End Transformation, Heroism, Finesse, Renounce Religion


You were on level 2 of the Lair of Beasts.
You worshipped Okawaru.
Okawaru was extremely pleased with you.
You were near starving.
You were a creature of crystalline ice.
You visited 3 branches of the dungeon, and saw 13 of its levels.

You collected 722 gold pieces.
You spent 80 gold pieces at shops.

Inventory:

Missiles
 a - 299 arrows
Armour
 o - the +2 pair of boots of the Assassin (melded) {Detection Stab+ Stlth++}
   (You acquired it on level 8 of the Dungeon)

   It makes you much more stealthy.
 q - a +2 leather armour of poison resistance (melded)
 x - a +0 hat (melded)
Jewellery
 b - a ring of protection from fire (left front paw)
 c - an amulet of regeneration (around neck)
 w - the ring "Cenlosog" (right front paw) {rCorr MR++ Dex+3}
   (You found it on level 8 of the Dungeon)

   [ring of resist corrosion]

   It affects your dexterity (+3).
   It affects your resistance to hostile enchantments.
 D - a +2 ring of strength
Wands
 p - a wand of clouds (4)
 t - a wand of acid (12)
 z - a wand of iceblast (9)
Scrolls
 g - 2 scrolls of magic mapping
 h - a scroll of fear
 i - 2 scrolls of identify
 j - 4 scrolls of teleportation
 k - 2 scrolls of remove curse
 n - 3 scrolls of enchant weapon
 r - a scroll of random uselessness {unknown}
 s - a scroll of amnesia
 y - a scroll of holy word {unknown}
 F - a scroll of brand weapon {unknown}
 G - a scroll of silence {unknown}
 H - a scroll of blinking
Potions
 e - 3 potions of brilliance
 f - a potion of agility
 l - a potion of might
 m - 3 potions of cancellation
 u - 4 potions of heal wounds
 v - 3 potions of berserk rage
 A - 2 potions of curing
 B - a potion of haste
 C - a potion of flight {unknown}
Comestibles
 d - 20 rations


   Skills:
 + Level 9.7 Fighting
 + Level 11.6 Dodging
 * Level 13.6 Unarmed Combat
 - Level 2.0 Spellcasting
 + Level 11.7 Transmutations


You had 2 spell levels left.
You knew the following spells:

 Your Spells              Type           Power        Failure   Level  Hunger
a - Beastly Appendage     Tmut           #####.       1%          1    #......
b - Spider Form           Tmut/Pois      ###.......   4%          3    ###....
c - Blade Hands           Tmut           #####.....   4%          5    ######.
d - Ice Form              Ice/Tmut       ###.....     16%         4    #####..


Dungeon Overview and Level Annotations

Branches:
Dungeon (10/15)            Temple (1/1) D:6            Lair (2/6) D:10
    Orc (0/2) D:9
  Swamp: Lair:2-4    Shoals: Lair:2-4     Snake: Lair:2-4    Spider: Lair:2-4

Altars:
Ashenzari
Cheibriados
Dithmenos
Elyvilon
Fedhas
Gozag
Hepliaklqana
Kikubaaqudgha
Makhleb
Nemelex Xobeh
Okawaru
Qazlal
Ru
Sif Muna
Trog
Uskayaw
Vehumet
Wu Jian
Xom
Yredelemnul
Zin
The Shining One

Shops:
D:10 !

Annotations:
D:6 Sigmund


Message History

The eight-headed hydra is almost dead.
The eight-headed hydra is no longer moving slowly.
The eight-headed hydra bites you.
* * * LOW HITPOINT WARNING * * *
The eight-headed hydra bites you!
* * * LOW HITPOINT WARNING * * *
The eight-headed hydra bites you.
* * * LOW HITPOINT WARNING * * *
The eight-headed hydra bites you!
* * * LOW HITPOINT WARNING * * *
The eight-headed hydra bites you.
* * * LOW HITPOINT WARNING * * *
You feel much better. The eight-headed hydra bites you.
* * * LOW HITPOINT WARNING * * *
The eight-headed hydra bites you!
* * * LOW HITPOINT WARNING * * *
The eight-headed hydra bites you!
* * * LOW HITPOINT WARNING * * *
The eight-headed hydra bites you!
You die...

## # ## ##P .#
#.##.P+####.##.
..............#
.#............#
..............#
#............#
#.....Y......#
.#.....D....<.#
..............#
##............# ...
#......<..†...##
... .
#P............P#
....
.####P###+.#.#P#..#
...##..####
#.#.#######
###...#..# #..##.#


You could see an eight-headed hydra.

Vanquished Creatures
  Gastronok (D:8)
  A hydra (Lair:1)
  2 two-headed ogres (D:9)
  The ghost of bogue1979 the Spear-Bearer, a novice MfSk of Okawaru (D:8)
  Pikel (D:8)
  4 spiny frogs
  2 komodo dragons (Lair:1)
  3 polar bears
  A troll (D:9)
  3 hippogriffs
  A wraith (D:10)
  A wyvern (D:8)
  5 yaks
  Grum (D:9)
  2 basilisks (Lair:1)
  Eustachio (D:6)
  A steam dragon (D:9)
  Edmund (D:5)
  4 wargs (D:9)
  2 hell hounds (D:10)
  2 water moccasins
  A black bear (D:9)
  A hornet zombie (D:9)
  An orc warrior (D:9)
  4 phantoms
  2 necrophages
  A sky beast (D:8)
  4 slaves (D:8)
  17 wolves
  2 ice beasts (D:8)
  5 centaurs
  4 ogres
  A crocodile (Lair:2)
  2 big kobolds
  6 bullfrogs
  3 scorpions
  7 wights
  4 electric eels (D:8)
  A howler monkey (D:8)
  A jelly (D:8)
  8 crimson imps
  3 hounds
  2 bullfrog skeletons
  An orc priest (D:10)
  An iguana (D:6)
  3 orc wizards
  5 worker ants
  A centaur simulacrum (D:8)
  2 bullfrog simulacra (D:8)
  2 hound zombies (D:7)
  3 hound skeletons
  A killer bee simulacrum (D:8)
  14 adders
  12 gnolls
  A hound simulacrum (D:8)
  5 white imps (D:8)
  2 ufetubi (D:8)
  2 oozes
  An adder zombie (D:8)
  2 adder skeletons
  2 worms
  3 dart slugs
  5 leopard geckos
  20 orcs
  5 giant cockroaches
  9 goblins
  8 hobgoblins
  27 jackals
  4 quokkas
  3 ball pythons
  9 bats
  4 frilled lizards
  A jackal zombie (D:9)
  15 kobolds
  2 quokka skeletons
  10 rats
305 creatures vanquished.

Vanquished Creatures (others)
  16 fungi (Lair:1)
  29 plants (Lair:1)
45 creatures vanquished.

Grand Total: 350 creatures vanquished

Notes
Turn   | Place    | Note
-------+----------+-------------------------------------------
     0 | D:1      | Infinimo the Merfolk Transmuter began the quest for the Orb.
     0 | D:1      | Reached XP level 1. HP: 15/15 MP: 3/3
    57 | D:1      | Reached XP level 2. HP: 9/21 MP: 3/5
    58 | D:1      | HP: 1/21 [dart slug/slug dart (8)]
   390 | D:1      | Found a snail-covered altar of Cheibriados.
   869 | D:1      | Reached XP level 3. HP: 26/26 MP: 4/6
  1681 | D:2      | Reached skill level 4 in Unarmed Combat
  1909 | D:2      | Noticed an ogre
  2037 | D:1      | Reached XP level 4. HP: 7/33 MP: 5/7
  2321 | D:2      | Killed an ogre
  2321 | D:2      | Reached XP level 5. HP: 11/39 MP: 6/8
  3284 | D:3      | Reached skill level 5 in Unarmed Combat
  4120 | D:3      | Found a shimmering altar of Xom.
  4182 | D:3      | Found a burning altar of Makhleb.
  4282 | D:3      | Reached XP level 6. HP: 43/46 MP: 7/9
  4287 | D:3      | Learned a level 3 spell: Spider Form
  4851 | D:4      | Found a sparkling altar of Nemelex Xobeh.
  5210 | D:4      | Found a glowing golden altar of the Shining One.
  5297 | D:5      | Entered Level 5 of the Dungeon
  5574 | D:5      | Noticed a phantom
  5603 | D:5      | Killed a phantom
  5603 | D:5      | Reached XP level 7. HP: 33/52 MP: 10/10
  5801 | D:5      | Reached skill level 6 in Unarmed Combat
  5809 | D:5      | Reached skill level 5 in Dodging
  5809 | D:5      | Reached skill level 5 in Transmutations
  6134 | D:5      | Found a sacrificial altar of Ru.
  6235 | D:5      | Noticed Edmund
  6249 | D:5      | Killed Edmund
  6592 | D:5      | Reached skill level 7 in Unarmed Combat
  6592 | D:5      | Reached XP level 8. HP: 39/60 MP: 11/11
  6700 | D:5      | Learned a level 5 spell: Blade Hands
  6918 | D:6      | Found a staircase to the Ecumenical Temple.
  6943 | Temple   | Entered the Ecumenical Temple
  7153 | Temple   | Became a worshipper of Warmaster Okawaru
  7185 | D:6      | Noticed Eustachio
  7208 | D:6      | Killed Eustachio
  7467 | D:6      | Noticed Sigmund
  7483 | D:6      | Found a basalt altar of Yredelemnul.
  7917 | D:6      | Reached skill level 5 in Fighting
  7923 | D:6      | Reached skill level 8 in Unarmed Combat
  8469 | D:7      | Reached * piety under Okawaru
  8516 | D:7      | Found a shattered altar of Ashenzari.
  8660 | D:7      | Found a stormy altar of Qazlal.
  8662 | D:7      | Noticed an air elemental
  8662 | D:7      | Noticed a water elemental
  8793 | D:7      | Reached XP level 9. HP: 59/68 MP: 12/12
  9286 | D:8      | Identified a scroll of acquirement
  9287 | D:8      | Found the +2 pair of boots of the Assassin {Detection Stab+ Stlth++}
  9299 | D:8      | Noticed a polar bear
  9392 | D:7      | Killed a polar bear
  9392 | D:7      | Reached skill level 9 in Unarmed Combat
  9463 | D:8      | Reached ** piety under Okawaru
  9786 | D:8      | Noticed bogue1979's ghost (novice MfSk)
  9819 | D:8      | Killed bogue1979's ghost
  9819 | D:8      | Reached *** piety under Okawaru
  9819 | D:8      | Reached skill level 10 in Unarmed Combat
  9819 | D:8      | Reached XP level 10. HP: 31/77 MP: 3/13
  9955 | D:8      | Received a gift from Okawaru
 10169 | D:8      | Got a shimmering copper ring
 11160 | D:8      | Noticed Gastronok
 11164 | D:8      | Noticed Pikel
 11170 | D:8      | Killed Gastronok
 11170 | D:8      | Reached **** piety under Okawaru
 11170 | D:8      | Reached skill level 11 in Unarmed Combat
 11172 | D:8      | Killed Pikel
 11172 | D:8      | Reached skill level 10 in Transmutations
 11172 | D:8      | Reached XP level 11. HP: 13/86 MP: 9/14
 11295 | D:8      | Reached skill level 10 in Dodging
 11465 | D:8      | Found a burning altar of Makhleb.
 11470 | D:8      | Identified the ring "Cenlosog" {rCorr MR++ Dex+3} (You found it on level 8 of the Dungeon)
 11644 | D:9      | Found a shadowy altar of Dithmenos.
 11658 | D:9      | Noticed Grum
 11691 | D:9      | Killed Grum
 11691 | D:9      | Reached skill level 12 in Unarmed Combat
 12044 | D:9      | Noticed a two-headed ogre
 12054 | D:9      | Killed a two-headed ogre
 12054 | D:9      | Reached ***** piety under Okawaru
 12274 | D:9      | Found a staircase to the Orcish Mines.
 12281 | D:9      | Noticed a two-headed ogre
 12310 | D:9      | Killed a two-headed ogre
 12515 | D:10     | Entered Level 10 of the Dungeon
 12707 | D:10     | Found a staircase to the Lair.
 12934 | D:10     | Found Ducvi's Distillery.
 12944 | D:10     | Bought a potion of heal wounds for 80 gold pieces
 13428 | Lair:1   | Entered Level 1 of the Lair of Beasts
 13434 | Lair:1   | Learned a level 4 spell: Ice Form
 13546 | Lair:1   | Noticed a four-headed hydra
 13620 | Lair:1   | Reached skill level 13 in Unarmed Combat
 13704 | Lair:1   | Received a gift from Okawaru
 13745 | Lair:1   | Reached XP level 12. HP: 95/95 MP: 9/15
 13762 | Lair:1   | Killed a four-headed hydra
 14398 | Lair:2   | Noticed an eight-headed hydra
 14429 | Lair:2   | HP: 5/116 [eight-headed hydra (6)]
 14430 | Lair:2   | Mangled by an eight-headed hydra

Vault maps used:
D:1:      evilmike_arrival_hilbert_curve, kennysheep_decorative_pillar,
          cheibriados_altar_1
D:2:      first_ration, minivault_25
D:3:      xom_teletrap_fun, mrwooster_statue_mirror, minivault_5, bh_chokoban,
          bloody_makhleb
D:4:      nemelex_xobeh_ov_fountains_minmay, minmay_misc_feat_nine_boxes,
          minmay_gold_behind_fungi, fountainhead, tso_metal_star
D:5:      wad_pebble_path, hex_tiny, nicolae_ru_sacrificial_ziggurat,
          uniq_edmund
D:6:      overflow_temple_1_default, minmay_temple_entry_hall, uniq_sigmund,
          uniq_eustachio
D:7:      nicolae_qazlal_style_of_elements, ashenzari_conservatory_becter,
          grunt_ogre_cave, grunt_decor_resistance
D:8:      kennysheep_mini, serial_ice, serial_ice_b, serial_ice_g, serial_ice_f,
          serial_ice_i, serial_ice_m, serial_ice_e, serial_ice_o,
          minmay_misc_feat_pillars, uniq_pikel, uniq_gastronok
D:9:      grunt_dithmenos_smoke, minmay_orc_entry_guard_dogs, uniq_grum
D:10:     minmay_lair_entry_lava, serial_shops, shop, nicolae_two_hexagons
Temple:   regret_index_temple_generic_petals
Lair:1:   minmay_lair_venomous_thicket
Lair:2:   swamp_mist

Skill      XL: |  1  2  3  4  5  6  7  8  9 10 11 |
---------------+----------------------------------+-----
Dodging        | 3 4 5 6 8 9 11 | 11.6
Transmutations | 3 4 5 7 8 10 11 | 11.7
Unarmed Combat | 4 5 7 8 10 11 13 | 13.6
Fighting       | 2 3 4 5 6 8 9 |  9.7
Spellcasting   | |  2.0

Action                   |  1- 3 |  4- 6 |  7- 9 | 10-12 || total
-------------------------+-------+-------+-------+-------++-------
Melee: Unarmed           |   130 |   207 |   382 |   435 ||  1154
       Headbutt          |    13 |    21 |    45 |    26 ||   105
       Punch             |     2 |     2 |    10 |    15 ||    29
 Cast: Beastly Appendage |    28 |    33 |    35 |    18 ||   114
       Spider Form       |       |       |     4 |     7 ||    11
       Blade Hands       |       |       |     1 |    26 ||    27
       Ice Form          |       |       |       |     2 ||     2
  Use: Scroll            |     7 |     2 |     7 |     4 ||    20
       Potion            |     1 |     3 |     3 |     2 ||     9
 Stab: Sleeping          |       |     2 |     1 |     4 ||     7
       Distracted        |       |       |       |     2 ||     2
  Eat: Chunk             |     4 |     9 |    11 |    26 ||    50
       Ration            |       |     1 |     1 |       ||     2
Armor: Robe              |    26 |    19 |    12 |       ||    57
       Skin              |       |     3 |     4 |     3 ||    10
       Leather armour    |       |       |    35 |    54 ||    89
Dodge: Dodged            |    87 |   147 |   275 |   360 ||   869

Table legend:
 A = Spawn XP
 B = Non-spawn XP
 C = Spawn XP percentage of total XP
 D = Spawn monster count
 E = Non-spawn monster count
 F = Spawn count percentage of total count
 G = Total turns spent on level
                    A         B        C        D         E        F      G
               +---------+---------+-------+---------+---------+-------+---------
         Total |       0 |   22647 |   0.0 |       0 |     301 |   0.0 | 14430
               +---------+---------+-------+---------+---------+-------+---------
           D:1 |       0 |      62 |   0.0 |       0 |      26 |   0.0 |  1978
           D:2 |       0 |     192 |   0.0 |       0 |      26 |   0.0 |  1189
           D:3 |       0 |      68 |   0.0 |       0 |      26 |   0.0 |  1396
           D:4 |       0 |      97 |   0.0 |       0 |      13 |   0.0 |   734
           D:5 |       0 |     893 |   0.0 |       0 |      23 |   0.0 |  1450
           D:6 |       0 |     797 |   0.0 |       0 |      18 |   0.0 |  1478
           D:7 |       0 |    1007 |   0.0 |       0 |      16 |   0.0 |   971
           D:8 |       0 |    6655 |   0.0 |       0 |      45 |   0.0 |  2071
           D:9 |       0 |    4839 |   0.0 |       0 |      48 |   0.0 |  1028
          D:10 |       0 |    1314 |   0.0 |       0 |      21 |   0.0 |   913
        Lair:1 |       0 |    5594 |   0.0 |       0 |      32 |   0.0 |   926
        Lair:2 |       0 |    1129 |   0.0 |       0 |       7 |   0.0 |    76
               +---------+---------+-------+---------+---------+-------+---------
